 Dungeon Crawl Stone Soup version 0.27-a0-1084-g78b3836a5f (webtiles) character file.

Game seed: 17581332553222214643

228424 Ge0ff the Devastator (level 19, -5/122 HPs)
             Began as an Octopode Fire Elementalist on Apr 25, 2021.
             Was the Champion of Makhleb.
             Slain by a ghost moth (9 damage)
             ... on level 4 of the Spider Nest on Apr 26, 2021.
             The game lasted 01:53:57 (61588 turns).

Ge0ff the Devastator (Octopode Fire Elementalist)  Turns: 61588, Time: 01:53:57

Health: -5/122     AC:  5    Str:  9      XL:     19   Next: 41%
Magic:  0/42       EV: 19    Int: 32 (33) God:    Makhleb [******]
Gold:   5295       SH: 12    Dex: 18 (19) Spells: 4/39 levels left

rFire    + . .     SeeInvis .   a - staff of conjuration
rCold    . . .     Faith    .   n - +0 kite shield {rF+}
rNeg     + . .     Spirit   .   Q - +0 hat of the Guardian {rElec Int+4}
rPois    +         Reflect  .   (no amulet)
rElec    +         Harm     .   d - ring of positive energy
rCorr    .         Rampage  .   w - ring of magical power
Will     +....                  f - +4 ring of evasion
Stlth    +++.......             h - +6 ring of intelligence
HPRegen  0.30/turn              x - ring of Camas {rPois Dex+6}
MPRegen  0.28/turn              G - ring of ice
                                r - ring of fire
                                j - +4 ring of protection

@: about to teleport, slowed, very slow
A: almost no armour, amphibious, 8 rings, camouflage 1, gelatinous body 1,
(nimble swimmer 1), tentacles
}: 1/15 runes: decaying
a: Renounce Religion, Minor Destruction, Lesser Servant of Makhleb, Major
Destruction, Greater Servant of Makhleb


You were on level 4 of the Spider Nest.
You worshipped Makhleb.
Makhleb was exalted by your worship.
You visited 6 branches of the dungeon, and saw 32 of its levels.
You also visited: Bailey, Ice Cave and Volcano.

You collected 7051 gold pieces.
You spent 1756 gold pieces at shops.

Inventory:

Hand Weapons
 b - the +7 dagger of Mutilation {venom, rN+ Will++}
   (You found it in a bailey)

   It poisons the flesh of those it strikes.
   It protects you from negative energy.
   It greatly increases your willpower.
Missiles
 g - a throwing net {=f}
 v - a curare-tipped dart {=f}
Armour
 n - a +0 kite shield of fire resistance (worn)
 Q - the +0 hat of the Guardian (worn) {rElec Int+4}
   (You found it on level 2 of the Swamp)

   It affects your intelligence (+4).
   It insulates you from electricity.
Magical Staves
 a - a staff of conjuration (weapon)
 C - a staff of air
Jewellery
 d - a ring of positive energy (left tentacle)
 f - a +4 ring of evasion (on tentacle)
 h - a +6 ring of intelligence (on tentacle)
 j - a +4 ring of protection (on tentacle)
 l - a ring of see invisible
 r - a ring of fire (on tentacle)
 w - a ring of magical power (right tentacle)
 x - the ring of Camas (on tentacle) {rPois Dex+6}
   (You acquired it on level 7 of the Dungeon)

   [ring of dexterity]

   It affects your dexterity (+6).
   It protects you from poison.
 A - a +4 ring of evasion
 D - a ring of wizardry
 E - a ring of protection from fire
 G - a ring of ice (on tentacle)
 Y - an amulet of guardian spirit
Wands
 e - a wand of charming (8)
 k - a wand of iceblast (47)
 p - a wand of paralysis (12)
 s - a wand of mindburst (13)
 P - a wand of polymorph (15)
Scrolls
 i - 6 scrolls of identify
 m - 2 scrolls of magic mapping
 u - 2 scrolls of holy word
 y - 5 scrolls of immolation
 B - 2 scrolls of blinking
 F - 3 scrolls of fog
 J - 7 scrolls of enchant armour
 S - a scroll of summoning
 T - 8 scrolls of teleportation
 V - 3 scrolls of vulnerability
Potions
 o - 6 potions of mutation {!q}
 q - 12 potions of curing
 z - 8 potions of brilliance
 H - 9 potions of haste {!q}
 I - 5 potions of invisibility
 K - 3 potions of magic {!q}
 L - 5 potions of lignification
 M - 5 potions of might
 N - 3 potions of cancellation {!q}
 R - 5 potions of resistance
 W - 5 potions of heal wounds {!q}
 X - 6 potions of flight
 Z - a potion of berserk rage {!q}
Miscellaneous
 c - a condenser vane (inert)
 t - a tin of tremorstones (inert)
 O - a box of beasts
 U - a phantom mirror


   Skills:
 + Level 8.5 Fighting
 - Level 3.0 Short Blades
 - Level 5.0 Dodging
 - Level 3.0 Stealth
 * Level 12.5 Shields
 + Level 10.9 Spellcasting
 * Level 17.7 Conjurations
 + Level 4.1 Translocations
 + Level 4.0 Transmutations
 + Level 15.9 Fire Magic
 - Level 3.0 Air Magic
 + Level 12.2 Earth Magic
 - Level 5.0 Poison Magic
 - Level 5.0 Evocations


You had 4 spell levels left.
You knew the following spells:

 Your Spells              Type           Power      Damage    Failure   Level
a - Orb of Destruction    Conj           57%        9d17      2%          7
f - Mephitic Cloud        Conj/Pois/Air  83%        N/A       1%          3
g - Apportation           Tloc           86%        N/A       1%          1
k - Bolt of Magma         Conj/Fire/Erth 65%        4d25      1%          5
s - Starburst             Conj/Fire      68%        8x6d18    1%          6
v - Poisonous Vapours     Pois/Air       86%        N/A       1%          2
w - Passwall              Tmut/Erth      51%        N/A       1%          2
C - Sticky Flame          Conj/Fire      100%       2d11      1%          4
E - Fireball              Conj/Fire      68%        3d26      1%          5

Your spell library contained the following spells:

 Spells                   Type           Power      Damage    Failure   Level
 Foxfire                  Conj/Fire      100%       2x1d9     0%          1
 Conjure Flame            Conj/Fire      100%       6-21      0%          3
 Sandblast                Erth           100%       2d20      1%          1
 Shock                    Conj/Air       100%       1d9       1%          1
 Dazzling Flash           Conj/Hex       100%       N/A       1%          3
 Gell's Gravitas          Tloc           21%        N/A       1%          3
 Inner Flame              Hex/Fire       80%        N/A       1%          3
 Stone Arrow              Conj/Erth      100%       3d13      1%          3
 Petrify                  Tmut/Erth      62%        N/A       1%          4
 Animate Skeleton         Necr           34%        N/A       3%          1
 Corona                   Hex            18%        N/A       3%          1
 Pain                     Necr           68%        1d7       3%          1
 Summon Small Mammal      Summ           68%        N/A       3%          1
 Corpse Rot               Necr/Air       N/A        N/A       3%          2
 Ensorcelled Hibernation  Hex/Ice        52%        N/A       6%          2
 Airstrike                Air            18%        N/A       11%         4
 Confusing Touch          Hex            17%        N/A       12%         3
 Tukima's Dance           Hex            17%        N/A       12%         3
 Vampiric Draining        Necr           8%         2d7       12%         3
 Animate Dead             Necr           8%         N/A       36%         4
 Iskenderun's Battlesphe  Conj           100%       2d15      1%          5
 Lee's Rapid Deconstruct  Erth           38%        3d20*     1%          5
 Lightning Bolt           Conj/Air       45%        1d65      1%          5
 Iron Shot                Conj/Erth      53%        9d10      1%          6
 Borgnjor's Vile Clutch   Necr/Erth      27%        N/A       9%          5
 Statue Form              Tmut/Erth      41%        N/A       21%         6
 Freezing Cloud           Conj/Ice/Air   47%        6-21      34%         6
 Yara's Violent Unravell  Hex/Tmut       15%        3d8       41%         5
 Spellforged Servitor     Conj/Summ      42%        N/A       63%         7
 Agony                    Necr           17%        N/A       71%         5
 Metabolic Englaciation   Hex/Ice        13%        N/A       71%         5


Dungeon Overview and Level Annotations

Branches:
Dungeon (15/15)            Temple (1/1) D:6            Lair (6/6) D:11
  Swamp (4/4) Lair:2       Spider (4/4) Lair:3        Slime (0/5) Lair:6
    Orc (2/2) D:11            Elf (0/3) Orc:2        Vaults (0/5) D:13
 Depths (0/5) D:15         Bailey (visited)           IceCv (visited)
Volcano (visited)

Altars:
Dithmenos
Elyvilon
Fedhas
Kikubaaqudgha
Makhleb
Nemelex Xobeh
Qazlal
Uskayaw
Xom
Beogh

Shops:
D:2 *   D:3 *   D:6 (   D:9 (   Orc:2 ![([

Annotations:
D:8 dig
Lair:5 Nessos
Swamp:2 1 transporter, Ylecoum's ghost, adept MiFi


Innate Abilities, Weirdness & Mutations

You cannot wear most types of armour.
You are amphibious.
You can wear up to eight rings at the same time.
Your skin changes colour to match your surroundings (Stealth+).
Your rubbery body absorbs attacks. (AC +1, EV +1)
((You are camouflaged near water. (Stealth+)))
You have tentacles for arms and can constrict up to eight enemies at once.


Message History

You kill the emperor scorpion!
Makhleb accepts your kill.
You feel better.
The bolt of fire hits the spark wasp!!
The spark wasp is heavily wounded.
The bolt of fire hits something!!!
You block the spark wasp's attack.
An emperor scorpion comes into view.
The hornet stings you!!
You feel yourself slow down.
You feel you are being watched by something.
You feel your power leaking away.
You feel yourself speed up.
The spark wasp is engulfed in a cloud of scalding steam.
You block the spark wasp's attack.
You feel you are being watched by something.
You feel your power leaking away.
You feel you are being watched by something.
You feel your power leaking away. The hornet stings you!
The spark wasp is engulfed in a cloud of scalding steam.
You block the spark wasp's attack.
You feel you are being watched by something.
You feel your power leaking away.
You feel you are being watched by something.
You feel your power leaking away.
As you read the scroll of teleportation, it crumbles to dust.
You feel strangely unstable. You block the hornet's attack.
The spark wasp stings you! The spark wasp shocks you. You resist.
You feel you are being watched by something.
Really quaff
W - 6 potions of heal wounds {!q}?
You feel much better. You block the hornet's attack.
The spark wasp barely misses you.
You feel you are being watched by something.
You feel your power leaking away. Something hits you.
Deactivating autopickup; reactivate with Ctrl-A.
Something closely misses you. Something stings you! The hornet stings you!
* * * LOW HITPOINT WARNING * * *
You feel yourself slow down. The spark wasp barely misses you.
You feel you are being watched by something.
You block something's attack. Something hits you!
* * * LOW HITPOINT WARNING * * *
You feel clumsy. Something barely misses you.
You feel you are being watched by something.
Something hits you!
* * * LOW HITPOINT WARNING * * *
You feel dopey. Something hits you!
You die...

.≈≈###.≈≈##≈....≈≈#
....##.≈≈.##≈...≈##
≈...###...###≈≈..≈#
#≈≈..≈##### ###≈.≈#
###≈..### ##..#
##≈.≈##. ##.##
###.≈##.. ####≈.#
##≈..≈##..y##yy...##
##≈....# #'sy^@..≈#
#≈...≈## #'.s##^.^#
.....≈##
.†.#####.≈≈#
..≈≈..≈##... #≈.≈###
).##..≈##.. #..≈#
#≈##...##+# ##.?#
##≈≈.≈## ###≈.≈#
##...≈# ##.≈.≈##
#≈.≈≈#### #≈....#


You could see an emperor scorpion, a spark wasp, a wolf spider and 3 hornets.

Vanquished Creatures
  2 Ice Fiends (IceCv)
  Rupert (Spider:1)
  A tentacled monstrosity (Swamp:4)
  Asterion (Spider:4)
  The ghost of Qigolopn the Stormcaller, an adept TeAE of Vehumet (Spider:3)
  2 thorn hunters (Swamp:4)
  Roxanne (Spider:1)
  A frost giant (D:15)
  3 fenstrider witches (Swamp:4)
  3 ghost moths
  2 emperor scorpions
  An orc warlord (Orc:2)
  A ghoul (Swamp:4)
  The ghost of Xoff the Fighter, a journeyman DsBe of Trog (Lair:5)
  An entropy weaver (Spider:3)
  4 bunyips
  An eleionoma (shapeshifter) (D:15)
  3 spark wasps
  4 eleionomae
  A fire dragon (Lair:6)
  Snorg (Orc:1)
  A blizzard demon (Swamp:4)
  A green death (Swamp:4)
  Josephine (D:10)
  2 shambling mangroves (Swamp:4)
  8 vault guards
  Fannar (Orc:1)
  2 ice dragons
  Erolcha (Orc:1)
  5 boulder beetles
  Harold (D:7)
  3 ogre magi
  3 ghost crabs (Swamp:4)
  9 hydras
  7 alligators
  6 centaur warriors
  14 two-headed ogres
  3 orc high priests
  2 tengu warriors
  A deep troll earth mage (D:12)
  Urug (Orc:1)
  7 skeletal warriors
  2 sixfirhies (Swamp:4)
  9 goliath frogs
  2 deep trolls (D:15)
  3 spriggan druids
  5 bog bodies
  A death drake (Swamp:4)
  Pikel (D:3)
  3 deep elf zephyrmancers (Swamp:4)
  5 orc knights
  7 swamp dragons
  An anaconda skeleton (Volcano)
  3 wizards
  6 deep elf pyromancers
  A lindwurm (Lair:6)
  37 wolf spiders
  2 necromancers (D:15)
  3 orc sorcerers
  3 will-o-the-wisps
  7 cyclopes
  3 moths of wrath
  21 orb spiders
  A faun (shapeshifter) (D:13)
  13 ugly things
  The ghost of tsouns the Destroyer, a novice DsCj of Nemelex Xobeh (D:8)
  2 manticores (D:14)
  A centaur zombie (D:11)
  5 black mambas
  4 elephants (Lair:4)
  A black mamba (shapeshifter) (D:15)
  3 ice statues
  2 orange demons (Swamp:4)
  3 gargoyles (Volcano)
  3 torpor snails
  Maggie (D:10)
  2 molten gargoyles (Lair:6)
  2 unseen horrors
  2 rime drakes
  9 cane toads
  10 demonic crawlers
  6 komodo dragons
  A yaktaur (shapeshifter) (D:14)
  14 ice devils (IceCv)
  2 efreet
  2 kobold demonologists
  A hellwing (Swamp:4)
  3 trolls
  A bloated husk (Swamp:1)
  35 jumping spiders
  11 hornets
  3 polar bears (Lair:3)
  8 tyrant leeches
  A harpy skeleton (Volcano)
  Grinder (D:5)
  8 slime creatures
  6 dream sheep
  13 blink frogs
  3 flying skulls (Volcano)
  Sigmund (D:6)
  2 shadows
  84 redbacks
  30 tarantellas
  57 yaks
  7 wraiths
  6 spriggans
  5 wyverns
  8 basilisks
  2 steam dragons
  Edmund (D:5)
  12 vampire mosquitoes
  2 neqoxecs (Swamp:4)
  2 wargs (D:11)
  12 swamp worms
  14 water moccasins
  2 acid dragons
  Duvessa (D:4)
  4 hell hounds (Lair:6)
  7 ice beasts
  44 orc warriors
  3 black bears
  A hornet zombie (D:7)
  2 necrophages
  8 boggarts
  16 ogres
  4 swamp drakes (Swamp:3)
  3 sky beasts
  15 centaurs
  2 lemures
  12 wolves
  9 kobold brigands
  13 bullfrogs
  2 scorpions
  2 water moccasin skeletons (D:5)
  Dowan (D:5)
  13 killer bees
  A spriggan skeleton (Volcano)
  7 wights (D:8)
  15 electric eels
  A troll skeleton (Volcano)
  3 howler monkeys
  6 lava snakes
  3 hounds
  A centaur skeleton (D:4)
  A bullfrog skeleton (D:7)
  4 jellies
  Crazy Yiuf (D:5)
  29 orc priests
  A gnoll shaman (Orc:1)
  3 iguanas
  40 orc wizards
  Ijyb (D:4)
  A naga skeleton (Volcano)
  2 howler monkey zombies
  9 gnolls
  8 adders
  2 shadow imps (D:10)
  8 white imps
  8 ufetubi
  3 worms
  7 dart slugs
  123 orcs
  2 endoplasms (D:3)
  18 goblins
  10 hobgoblins
  5 jackals
  32 kobolds
  2 quokkas
  2 ball pythons
  4 bats
  3 frilled lizards
  6 kobold skeletons (D:10)
  12 kobold zombies (D:10)
  4 rats
1221 creatures vanquished.

Vanquished Creatures (others)
  A tyrant leech (Swamp:4)
  A white imp (IceCv)
  3 ufetubi (IceCv)
  An orc (Orc:1)
  1178 foxfires
  34 fungi
  32 plants
1250 creatures vanquished.

Grand Total: 2471 creatures vanquished

Notes
Turn   | Place    | Note
-------+----------+-------------------------------------------
     0 | D:1      | Ge0ff the Octopode Fire Elementalist began the quest for
                  | the Orb.
     0 | D:1      | Reached XP level 1. HP: 11/11 MP: 3/3
   155 | D:1      | Reached skill level 1 in Fighting
   621 | D:1      | Reached XP level 2. HP: 18/18 MP: 3/5
   813 | D:1      | Found a faded altar of an unknown god.
  1502 | D:1      | Became a worshipper of Makhleb the Destroyer
  1502 | D:1      | Reached * piety under Makhleb
  1516 | D:2      | Found Uczatop's Assorted Antiques.
  1578 | D:2      | Reached skill level 2 in Conjurations
  1631 | D:2      | Reached XP level 3. HP: 23/23 MP: 6/6
  2209 | D:3      | Reached skill level 3 in Conjurations
  2469 | D:3      | Reached XP level 4. HP: 28/28 MP: 4/7
  2576 | D:3      | Reached ** piety under Makhleb
  2725 | D:3      | Learned a level 4 spell: Sticky Flame
  2736 | D:3      | Found Jazee's General Store.
  2746 | D:3      | Bought a potion of degeneration for 12 gold pieces
  2747 | D:3      | Bought a scroll of identify for 24 gold pieces
  2747 | D:3      | Bought a scroll of teleportation for 36 gold pieces
  3152 | D:3      | Reached XP level 5. HP: 32/33 MP: 8/8
  3251 | D:4      | Noticed Pikel
  3251 | D:4      | Noticed a lemure
  3251 | D:4      | Noticed a lemure
  3251 | D:4      | Noticed a lemure
  3251 | D:4      | Noticed a lemure
  3261 | D:3      | Killed a lemure
  3685 | D:4      | Reached skill level 4 in Conjurations
  3803 | D:3      | Bought a potion of heal wounds for 60 gold pieces
  4169 | D:4      | Killed a lemure
  4454 | D:3      | Killed Pikel
  4455 | D:3      | Reached skill level 5 in Conjurations
  4455 | D:3      | Reached skill level 5 in Fire Magic
  4455 | D:3      | Reached XP level 6. HP: 38/38 MP: 2/10
  4455 | D:3      | Reached XP level 7. HP: 43/43 MP: 2/11
  4590 | D:4      | Noticed Ijyb
  4598 | D:4      | Killed Ijyb
  5140 | D:4      | Found a blossoming altar of Fedhas.
  5284 | D:5      | Entered Level 5 of the Dungeon
  5331 | D:5      | Reached skill level 6 in Conjurations
  5333 | D:5      | Reached XP level 8. HP: 48/48 MP: 12/12
  5428 | D:5      | Noticed Dowan
  5431 | D:5      | Noticed Duvessa
  5457 | D:5      | Killed Dowan
  5688 | D:5      | Noticed a shadow
  5696 | D:5      | Killed a shadow
  5700 | D:5      | Found Xorhon's Magic Scroll Boutique.
  5735 | D:5      | Reached skill level 7 in Conjurations
  6759 | D:4      | Killed Duvessa
  6960 | D:5      | Bought a scroll of identify for 24 gold pieces
  6960 | D:5      | Bought a scroll of identify for 24 gold pieces
  7081 | D:5      | Noticed Edmund
  7105 | D:5      | Killed Edmund
  7353 | D:5      | Reached XP level 9. HP: 53/53 MP: 13/13
  7393 | D:5      | Noticed Grinder
  7399 | D:5      | Reached skill level 8 in Conjurations
  7404 | D:5      | Paralysed by Grinder for 3 turns
  7407 | D:5      | Killed Grinder
  7602 | D:5      | Found a runed translucent door.
  7603 | D:5      | Noticed Crazy Yiuf
  7611 | D:5      | Killed Crazy Yiuf
  7974 | D:6      | Noticed Sigmund
  7984 | D:6      | Killed Sigmund
  7985 | D:6      | Reached skill level 1 in Shields
  8054 | D:6      | Found a staircase to the Ecumenical Temple.
  8074 | Temple   | Entered the Ecumenical Temple
  8104 | D:6      | Reached *** piety under Makhleb
  8170 | D:6      | Found Sairicse's Weapon Shoppe.
  8437 | D:6      | Found a hide-covered altar of Uskayaw.
  8437 | D:6      | Found a burning altar of Makhleb.
  8441 | D:6      | Found a sparkling altar of Nemelex Xobeh.
  8653 | D:7      | Found a flagged portal.
  8677 | Bailey   | Entered a bailey
  8744 | Bailey   | Reached skill level 9 in Conjurations
  9283 | Bailey   | Noticed a kobold demonologist
  9288 | Bailey   | Noticed a smoke demon
  9292 | Bailey   | Noticed an orc high priest
  9318 | Bailey   | Noticed an orc knight
  9339 | Bailey   | Noticed a sixfirhy
  9479 | Bailey   | Noticed a sun demon
  9759 | Bailey   | Noticed an orc knight
  9779 | Bailey   | Killed an orc knight
  9780 | Bailey   | Reached skill level 1 in Evocations
  9780 | Bailey   | Reached XP level 10. HP: 60/60 MP: 6/15
  9938 | Bailey   | Killed an orc knight
  9994 | Bailey   | Killed an orc high priest
 10007 | Bailey   | Learned a level 5 spell: Fireball
 10079 | Bailey   | Noticed an orange demon
 10108 | Bailey   | Noticed a rust devil
 10351 | Bailey   | Found an iron altar of Okawaru.
 10395 | Bailey   | Noticed an orange demon
 10403 | Bailey   | Killed a kobold demonologist
 10668 | Bailey   | Reached **** piety under Makhleb
 10855 | Bailey   | Identified the +7 dagger of Mutilation {venom, rN+ Will++}
 11017 | D:7      | Acquired the ring of Camas {rPois Dex+6}
 11373 | D:7      | Noticed Harold
 11584 | D:7      | Reached skill level 1 in Short Blades
 12049 | D:7      | Learned a level 3 spell: Mephitic Cloud
 12052 | D:7      | Learned a level 2 spell: Poisonous Vapours
 12313 | D:7      | Noticed a skeletal warrior
 12313 | D:7      | Noticed a cyclops
 12319 | D:7      | Reached skill level 10 in Conjurations
 12340 | D:7      | Killed a skeletal warrior
 12341 | D:7      | Reached skill level 1 in Air Magic
 12341 | D:7      | Reached skill level 1 in Poison Magic
 12341 | D:7      | Reached XP level 11. HP: 30/67 MP: 6/18
 12542 | D:7      | Killed a cyclops
 12543 | D:7      | Reached skill level 10 in Fire Magic
 12786 | D:7      | Noticed a cyclops
 12789 | D:7      | Reached skill level 5 in Spellcasting
 12792 | D:7      | Noticed a deep elf pyromancer
 12792 | D:7      | Noticed a two-headed ogre
 12795 | D:7      | Killed a cyclops
 12801 | D:7      | Killed a deep elf pyromancer
 12802 | D:7      | Killed a two-headed ogre
 12803 | D:7      | Reached skill level 5 in Evocations
 13008 | D:7      | Identified the +3 long sword of the Madman {freeze, rPois
                  | rC- SInv}
 13030 | D:7      | Learned a level 5 spell: Bolt of Magma
 13133 | D:7      | Killed Harold
 13534 | D:8      | Noticed a two-headed ogre
 13684 | D:8      | Killed a two-headed ogre
 14010 | D:8      | Noticed a purple ugly thing
 14012 | D:8      | Killed a purple ugly thing
 14226 | D:8      | Found a runed translucent door.
 14226 | D:8      | Noticed tsouns's ghost (novice DsCj)
 14315 | D:8      | Found a white marble altar of Elyvilon.
 14618 | D:8      | Reached skill level 5 in Poison Magic
 14938 | D:8      | Killed tsouns's ghost
 15093 | D:9      | Reached skill level 11 in Conjurations
 15457 | D:9      | Reached XP level 12. HP: 72/72 MP: 0/19
 15651 | D:9      | Found Ymomm's Weapon Shop.
 15719 | D:9      | Reached ***** piety under Makhleb
 16832 | D:10     | Entered Level 10 of the Dungeon
 16935 | D:10     | Noticed Maggie
 16939 | D:10     | Killed Maggie
 17664 | D:10     | Noticed Josephine
 17815 | D:10     | Killed Josephine
 17816 | D:10     | Reached skill level 1 in Earth Magic
 18102 | D:10     | Found an ancient bone altar of Kikubaaqudgha.
 18287 | D:10     | Noticed a two-headed ogre
 18307 | D:10     | Killed a two-headed ogre
 18308 | D:10     | Reached skill level 12 in Conjurations
 19051 | D:10     | Found a shadowy altar of Dithmenos.
 19696 | D:11     | Reached ****** piety under Makhleb
 19848 | D:11     | Found a staircase to the Lair.
 19971 | D:11     | Reached XP level 13. HP: 79/79 MP: 14/21
 20193 | D:11     | Found a staircase to the Orcish Mines.
 21262 | D:11     | Found a staircase to the Lair.
 21373 | D:11     | Found a staircase to the Orcish Mines.
 21981 | D:5      | Bought a scroll of acquirement for 624 gold pieces
 21981 | D:5      | Acquired 1015 gold pieces
 22024 | D:2      | Bought a smoky emerald potion for 23 gold pieces
 22072 | D:3      | Bought a scroll of teleportation for 36 gold pieces
 22072 | D:3      | Bought a scroll of identify for 24 gold pieces
 22072 | D:3      | Bought a scroll of holy word for 90 gold pieces
 22123 | D:5      | Bought a scroll of blinking for 90 gold pieces
 22123 | D:5      | Bought a scroll of blinking for 90 gold pieces
 22123 | D:5      | Bought 2 scrolls of immolation for 84 gold pieces
 22123 | D:5      | Bought a scroll of teleportation for 36 gold pieces
 22517 | D:12     | Upgraded the game from 0.27-a0-1081-ge8a0a9c698 to
                  | 0.27-a0-1084-g78b3836a5f
 23247 | D:12     | Reached skill level 5 in Earth Magic
 23549 | D:12     | Reached skill level 5 in Fighting
 23993 | D:13     | Reached skill level 5 in Dodging
 24636 | D:13     | Found a gate to the Vaults.
 24636 | D:13     | Noticed a vault guard
 24636 | D:13     | Noticed a vault guard
 24636 | D:13     | Noticed a vault guard
 24636 | D:13     | Noticed a vault guard
 24638 | D:13     | Noticed a vault guard
 24639 | D:13     | Noticed a vault guard
 24640 | D:13     | Killed a vault guard
 24640 | D:13     | Noticed a vault guard
 24641 | D:13     | Reached skill level 13 in Conjurations
 24641 | D:13     | Killed a vault guard
 24644 | D:13     | Noticed a vault guard
 24656 | D:12     | Killed a vault guard
 24900 | D:13     | Killed a vault guard
 25063 | D:13     | Reached XP level 14. HP: 88/88 MP: 21/23
 25245 | D:13     | Reached skill level 5 in Shields
 26571 | D:14     | Learned a level 1 spell: Apportation
 28298 | D:15     | Entered Level 15 of the Dungeon
 28842 | D:15     | Found a staircase to the Depths.
 28866 | D:15     | Noticed a shadow dragon
 28868 | D:15     | Noticed an acid blob
 28868 | D:15     | a shadow dragon changed into an acid blob
 28880 | D:15     | Noticed a caustic shrike
 28882 | D:15     | Noticed an acid blob
 28882 | D:15     | a caustic shrike changed into an acid blob
 28884 | D:15     | Found a stormy altar of Qazlal.
 28946 | D:15     | Noticed a shadow dragon
 29072 | D:15     | Reached skill level 14 in Conjurations
 29274 | D:15     | Reached XP level 15. HP: 92/92 MP: 24/26
 30160 | D:15     | Noticed a frost giant
 30373 | D:15     | Killed a frost giant
 30652 | D:15     | Learned a level 7 spell: Orb of Destruction
 30801 | Orc:1    | Entered Level 1 of the Orcish Mines
 30810 | Orc:1    | Noticed Erolcha
 30931 | Orc:1    | Killed Erolcha
 31422 | Orc:1    | Noticed Fannar
 31792 | Orc:1    | Killed Fannar
 31986 | Orc:1    | Noticed Snorg
 31986 | Orc:1    | Noticed Urug
 32525 | Orc:1    | Killed Urug
 32584 | Orc:1    | Killed Snorg
 33000 | Orc:2    | Entered Level 2 of the Orcish Mines
 33242 | Orc:2    | Found a shimmering altar of Xom.
 33774 | Orc:2    | Found Sicvuis's Distillery.
 33782 | Orc:2    | Bought a potion of flight for 45 gold pieces
 33782 | Orc:2    | Bought a potion of brilliance for 60 gold pieces
 33782 | Orc:2    | Bought a potion of haste for 150 gold pieces
 33879 | Orc:2    | Found a staircase to the Elven Halls.
 34143 | Orc:2    | Noticed an orc warlord
 34182 | Orc:2    | Killed an orc warlord
 34708 | Orc:2    | Found Tesotao's Armour Boutique.
 35414 | Orc:2    | Found Ficetivua's Antique Armour Emporium.
 35437 | Orc:2    | Found Fuxt's Antique Weapon Shoppe.
 35454 | Orc:2    | Bought an embroidered hat for 224 gold pieces
 35960 | Lair:1   | Entered Level 1 of the Lair of Beasts
 36197 | Lair:1   | Found a blossoming altar of Fedhas.
 36525 | Lair:1   | Found a runed translucent door.
 36534 | Lair:1   | Identified the +6 whip of Siclyr {elec, Stlth+}
 37279 | Lair:2   | You fall into a shaft and drop 2 floors!
 37384 | Lair:4   | Reached skill level 15 in Conjurations
 38058 | Lair:2   | Reached XP level 16. HP: 98/98 MP: 22/28
 38398 | Lair:2   | Found a staircase to the Swamp.
 39477 | Lair:3   | Reached skill level 10 in Earth Magic
 39812 | Lair:3   | Found a hole to the Spider Nest.
 40495 | Lair:4   | Found a runed translucent door.
 41456 | Lair:4   | Identified the Catalogue of Fiery Air
 41522 | Lair:5   | Noticed Nessos
 41620 | Lair:5   | Found a dark tunnel.
 41625 | Volcano  | Entered a volcano
 42051 | Volcano  | Acquired 497 gold pieces
 42522 | Lair:5   | Found a runed translucent door.
 42524 | Lair:5   | Noticed Xoff's ghost (journeyman DsBe)
 42527 | Lair:5   | Identified the +5 trident of Dried Tears {flame, rC+}
 42772 | Lair:5   | Killed Xoff's ghost
 42963 | Lair:6   | Entered Level 6 of the Lair of Beasts
 43081 | Lair:6   | Found a staircase to the Slime Pits.
 43589 | Lair:6   | Found a large runed translucent door.
 43612 | Lair:6   | Found a large runed translucent door.
 44749 | Lair:6   | Reached skill level 15 in Fire Magic
 45056 | Swamp:1  | Entered Level 1 of the Swamp
 45162 | Swamp:1  | Found a frozen archway.
 45202 | IceCv    | Entered an ice cave
 45836 | IceCv    | Noticed an Ice Fiend
 45839 | IceCv    | Killed an Ice Fiend
 46058 | IceCv    | Noticed an Ice Fiend
 46071 | IceCv    | Killed an Ice Fiend
 46072 | IceCv    | Reached skill level 16 in Conjurations
 47617 | Swamp:1  | Learned a level 6 spell: Starburst
 47828 | Swamp:2  | Reached XP level 17. HP: 104/104 MP: 30/30
 48645 | Swamp:2  | Found a transporter.
 48646 | Swamp:2  | Noticed Ylecoum's ghost (adept MiFi)
 48671 | Swamp:2  | Found a transporter.
 49229 | Swamp:2  | Identified the +0 hat of the Guardian {rElec Int+4}
 49821 | Swamp:3  | Reached skill level 10 in Shields
 50947 | Swamp:4  | Entered Level 4 of the Swamp
 50947 | Swamp:4  | Noticed a tentacled monstrosity
 50952 | Swamp:4  | Killed a tentacled monstrosity
 51682 | Swamp:4  | Reached skill level 10 in Spellcasting
 52813 | Swamp:4  | Reached XP level 18. HP: 114/114 MP: 30/32
 53041 | Swamp:4  | Reached skill level 17 in Conjurations
 53156 | Swamp:4  | Got a decaying rune of Zot
 53328 | Swamp:4  | Learned a level 2 spell: Passwall
 53455 | Spider:1 | Entered Level 1 of the Spider Nest
 53908 | Spider:1 | Noticed Rupert
 53914 | Spider:1 | Killed Rupert
 53915 | Spider:1 | Reached skill level 1 in Translocations
 53915 | Spider:1 | Reached skill level 1 in Transmutations
 54214 | Spider:1 | Identified Roxanne's Almanac of the Rocks
 54214 | Spider:1 | Noticed Roxanne
 54221 | Spider:1 | Killed Roxanne
 55620 | Spider:2 | Identified the -4 pair of gloves of the Hot Ocelot {-Tele
                  | rPois rC+++ Str+8}
 57927 | Spider:3 | Found a runed translucent gate.
 57928 | Spider:3 | Found a runed translucent gate.
 57928 | Spider:3 | Noticed Qigolopn's ghost (adept TeAE)
 57929 | Spider:3 | Found a runed translucent gate.
 58284 | Spider:3 | Killed Qigolopn's ghost
 58786 | Spider:4 | Entered Level 4 of the Spider Nest
 58795 | Spider:4 | Reached XP level 19. HP: 120/120 MP: 13/33
 58958 | Spider:4 | Noticed Asterion
 58963 | Spider:4 | Killed Asterion
 60348 | Spider:4 | Acquired 1017 gold pieces
 61588 | Spider:4 | HP: 4/122 [something (16)]
 61588 | Spider:4 | Slain by a ghost moth

Illustrated notes

Levels and vault maps discovered:
D:1:      dpeg_arrival_rooms_b, layout_loops_corners,
          chequers_ecumenical_altar_simple_redux
D:2:      layout_loops_ring, serial_shops, shop
D:3:      layout_rooms, serial_shops, shop, serial_bayou_pond_c,
          minmay_box_of_dots
D:4:      layout_basic, fedhas_altar_fruit_tree, kennysheep_diamond, uniq_ijyb,
          uniq_pikel
D:5:      layout_rooms, serial_shops, kennysheep_mini, nrook_mini_vaults,
          uniq_crazy_yiuf_cottage, uniq_grinder, uniq_duvessa, uniq_edmund
D:6:      layout_loops_ring, nicolae_overflow_hidden_temple, temple_fountains,
          serial_shops, shop, uniq_sigmund
D:7:      minmay_the_grid_triangle_9x9_rhombus_thin
          [minmay_the_grid_triangle_9x9_zippers_vertical,
          minmay_the_grid_triangle_9x9_prize_center,
          minmay_the_grid_triangle_9x9_thin_v,
          minmay_the_grid_triangle_9x9_warning], layout_loops_corners,
          enter_bailey_3, minmay_misc_feat_tiny, nrook_pool_corridor,
          uniq_harold
D:8:      layout_basic, elyvilon_altar_1, hellmonk_ghost_happy_afterlife,
          nicolae_straight_to_the_point
D:9:      layout_layer_cave, serial_shops, shop
D:10:     wander_kiku_kobolds, layout_gridville, amcnicky_altar_gilded,
          lightli_minifort, uniq_josephine, uniq_maggie
D:11:     layout_basic, erik_lair_orcish_takeover, orc_0_dummy
D:12:     hourglass_vault, layout_long_grid
D:13:     layout_roguey, erik_vaults_2, kennysheep_donut
D:14:     layout_irregular_city
D:15:     hangedman_depths_entry_civil_slaughter, layout_basic,
          nicolae_qazlal_general_emergency, minmay_tree_intersection,
          kennysheep_four_rooms
Temple:   regret_index_temple_sphere_string
Lair:1:   gammafunk_indiana_jones, layout_chaotic_city, basic_altar
Lair:2:   layout_cave_pods, minmay_swamp_entry_eels, minivault_23,
          grunt_megastairs_2, infiniplex_staircase_pool
Lair:3:   layout_big_grid, spider_nest_entry_a, ice2_lemuel
Lair:4:   layout_layer_cave, pf_torpor_hydra, infiniplex_staircase_pool_2,
          grunt_megastairs_5
Lair:5:   layout_long_grid, enter_volcano_4, ebering_ghost_funeral_grove,
          uniq_nessos
Lair:6:   cheibrodos_lair_end_hotspot, layout_big_grid,
          minmay_slime_entry_pillars, serial_bayou_shore_a
Swamp:1:  layout_basic_swamp, portal_ice_cave_entry_dragon, serial_swamp_ruin,
          evilmike_swamp_ruin_house_4, evilmike_swamp_ruin_house_2,
          hangedman_swamp_ruin_hall
Swamp:2:  layout_falls_marsh, gammafunk_ghost_berserking_beasts,
          evilmike_swamp_ruin_rubble_1, grunt_lady_of_the_lake
Swamp:3:  layout_basic_swamp, nicolae_swamp_big_swirl, swamp_pool5
Swamp:4:  nzn_swamp_witches_coven, layout_basic_swamp, swamp_pool3
Spider:1: layout_spider_delve, uniq_rupert, uniq_roxanne
Spider:2: layout_spider_delve, nicolae_spider_orb_run
Spider:3: layout_spider_delve, gammafunk_ghost_split
Spider:4: spider_rune_water, hangedman_spider_tarantella_strand, uniq_asterion
Orc:1:    layout_caves, minmay_orc_temple_c, uniq_fannar, uniq_snorg,
          uniq_erolcha, uniq_urug
Orc:2:    grunt_orc_community_town_hall, layout_caves,
          grunt_orc_community_big_house_1, grunt_orc_community_big_house_2,
          grunt_orc_community_house_2, grunt_orc_community_house_2,
          grunt_orc_community_house_3, grunt_orc_community_house_1,
          grunt_orc_community_house_2, grunt_orc_community_house_2, basic_altar

Skill      XL: |  1  2  3  4  5  6  7  8  9 10 11 12 13 14 15 16 17 18 19 |
---------------+----------------------------------------------------------+-----
Fighting       | 1 2 3 4 5 7 8 |  8.5
Conjurations   | 2 3 5 6 7 9 10 11 12 13 14 15 16 17 | 17.7
Stealth        | 3 |  3.0
Spellcasting   | 3 4 5 6 7 8 9 10 | 10.9
Fire Magic     | 5 6 7 9 11 12 13 14 15 | 15.9
Shields        | 4 6 7 9 11 12 | 12.5
Evocations     | 1 4 5 |  5.0
Short Blades   | 1 3 |  3.0
Dodging        | 3 4 5 |  5.0
Air Magic      | 1 3 |  3.0
Poison Magic   | 1 5 |  5.0
Earth Magic    | 3 6 8 9 10 11 12 | 12.2
Translocations | 3 4 |  4.1
Transmutations | 3 4 |  4.0

Action                   |  1- 3 |  4- 6 |  7- 9 | 10-12 | 13-15 | 16-18 | 19-21 || total
-------------------------+-------+-------+-------+-------+-------+-------+-------++-------
Melee: Dagger            |     4 |       |    19 |    48 |   105 |    25 |     4 ||   205
       Constrict         |     2 |     7 |     9 |    12 |    27 |     5 |     1 ||    63
       Unarmed           |     1 |       |       |       |       |       |       ||     1
       Whip              |       |    21 |    16 |       |       |       |       ||    37
       Tentacles         |       |     4 |     9 |    15 |    30 |    10 |     1 ||    69
       Staff             |       |       |       |     4 |     8 |     2 |       ||    14
Throw: Dart              |       |    11 |       |     8 |     7 |       |     1 ||    27
       Throwing net      |       |       |       |       |     1 |       |       ||     1
 Cast: Foxfire           |    63 |    75 |   241 |   277 |    12 |       |       ||   668
       Sticky Flame      |       |       |     8 |    37 |    18 |    15 |     1 ||    79
       Fireball          |       |       |       |   114 |   355 |   404 |    66 ||   939
       Poisonous Vapours |       |       |       |     1 |     6 |     1 |       ||     8
       Bolt of Magma     |       |       |       |     5 |    36 |    98 |     8 ||   147
       Orb of Destructio |       |       |       |       |     6 |    35 |     9 ||    50
       Starburst         |       |       |       |       |       |    11 |    11 ||    22
Invok: Minor Destruction |       |       |       |       |     2 |       |       ||     2
Evoke: Wand              |       |       |     1 |     9 |    26 |    18 |       ||    54
       Tin of tremorston |       |       |       |       |     4 |     4 |     2 ||    10
       Box of beasts     |       |       |       |       |     1 |     2 |       ||     3
       Condenser vane    |       |       |       |       |     1 |     3 |     1 ||     5
  Use: Scroll            |       |     3 |     4 |    11 |    12 |    11 |     2 ||    43
       Potion            |       |     5 |       |       |     1 |     3 |     3 ||    12
 Stab: Distracted        |       |     1 |       |       |       |       |       ||     1
       Sleeping          |       |       |     3 |     2 |     1 |       |       ||     6
Armor: Skin              |     3 |    12 |       |     9 |    18 |    26 |     2 ||    70
Dodge: Dodged            |     8 |    24 |    45 |    73 |   117 |   135 |    25 ||   427
Block: Buckler           |       |       |       |    48 |    72 |    14 |       ||   134
       Kite shield       |       |       |       |       |       |    89 |    23 ||   112

Table legend: (Time is in decaauts)
 A = Elapsed time spent in this place.
 B = Non-inter-level travel time spent in this place.
 C = Inter-level travel time spent in this place.
 D = Time resting spent in this place.
 E = Time spent auto-exploring this place.
 F = Levels seen in this place.
 G = Mean time per level.
                   A        B        C        D        E       F      G
               +--------+--------+--------+--------+--------+-----+--------+
         Total |  61676 |  59298 |   2378 |   5268 |  46397 |  35 | 1762.2 |
       Dungeon |  29374 |  27802 |   1572 |   1223 |  23342 |  15 | 1958.3 |
        Temple |      1 |      1 |      0 |      0 |      0 |   1 |    1.0 |
          Lair |   9075 |   8774 |    301 |    566 |   7350 |   6 | 1512.5 |
         Swamp |   6493 |   6200 |    293 |    673 |   4716 |   4 | 1623.2 |
   Spider Nest |   7789 |   7635 |    154 |   1038 |   5658 |   4 | 1947.2 |
  Orcish Mines |   4280 |   4223 |     57 |      0 |   3556 |   2 | 2140.0 |
        Bailey |   2327 |   2327 |      0 |    597 |   1094 |   1 | 2327.0 |
      Ice Cave |   1794 |   1794 |      0 |   1061 |    419 |   1 | 1794.0 |
       Volcano |    540 |    540 |      0 |    110 |    262 |   1 |  540.0 |
               +--------+--------+--------+--------+--------+-----+--------+

Top non-repeatable levels by time:
    D:11: 3179 daAuts
    D:10: 3026 daAuts
    D:13: 2594 daAuts
   Orc:2: 2579 daAuts
     D:7: 2521 daAuts
    D:15: 2397 daAuts
     D:4: 2335 daAuts
  Bailey: 2327 daAuts
 Swamp:2: 2143 daAuts
Spider:4: 2141 daAuts
Spider:2: 2127 daAuts
  Lair:6: 2033 daAuts
    D:12: 1901 daAuts
  Lair:3: 1867 daAuts
 Swamp:3: 1848 daAuts
